 Dungeon Crawl Stone Soup version 0.27.1-4-g1640c2035a (webtiles) character file.

Game seed: 13602855231462836066

4288 McKennaii the Spear-Bearer (level 10, -18/76 HPs)
             Began as a Demonspawn Fighter on Nov 16, 2021.
             Was a Believer of Makhleb.
             Killed by the air
             ... invoked by Gastronok
              (22 damage)
             ... on level 9 of the Dungeon.
             The game lasted 00:09:32 (7685 turns).

McKennaii the Spear-Bearer (Demonspawn Fighter)     Turns: 7685, Time: 00:09:32

Health: -18/76     AC: 10    Str: 19    XL:     10   Next: 11%
Magic:  19/19      EV:  8    Int: 15    God:    Makhleb [**....]
Gold:   526        SH: 10    Dex: 14    Spells: 9/9 levels left

rFire    . . .     SeeInvis .   a - +0 trident
rCold    . . .     Faith    .   c - +0 kite shield
rNeg     . . .     Spirit   .   j - +0 chain mail
rPois    .         Reflect  .   (helmet restricted)
rElec    .         Harm     .   (no cloak)
rCorr    .         Rampage  .   (no gloves)
Will     .....                  (no boots)
Stlth    ..........             e - amulet of regeneration
HPRegen  1.22/turn              t - +6 ring of intelligence
MPRegen  0.16/turn              x - ring of magical power

@: slowed, studying Short Blades, very slow
A: antennae 2, repulsion field 1, spiny 2
a: Renounce Religion, Minor Destruction


You were on level 9 of the Dungeon.
You worshipped Makhleb.
Makhleb was pleased with you.
You visited 2 branches of the dungeon, and saw 10 of its levels.

You collected 526 gold pieces.

Inventory:

Hand Weapons
 a - a +0 trident (weapon)
Armour
 c - a +0 kite shield (worn)
 j - a +0 chain mail (worn)
 w - a +0 plate armour
Jewellery
 e - an amulet of regeneration (around neck)
 t - a +6 ring of intelligence (left hand)
 x - a ring of magical power (right hand)
Wands
 h - a wand of polymorph (11)
Scrolls
 b - 4 scrolls of teleportation
 g - a scroll of holy word {unknown}
 i - 4 scrolls of magic mapping {unknown}
 l - 2 scrolls of amnesia {unknown}
 p - a scroll of enchant armour {unknown}
 q - a scroll of immolation {unknown}
 r - a scroll of fear {unknown}
Potions
 d - a potion of might
 f - a potion of mutation
 k - a potion of brilliance
 m - 4 potions of degeneration
 n - 2 potions of flight
 o - 4 potions of curing
 s - 2 potions of cancellation
 u - 2 potions of haste
 z - 2 potions of attraction {unknown}
 A - a potion of invisibility {unknown}
 B - a potion of resistance {unknown}


   Skills:
 + Level 5.7 Fighting
 * Level 10.0 Polearms
 + Level 6.1 Armour
 + Level 1.9 Dodging
 + Level 0.8 Stealth
 + Level 6.1 Shields


You had 9 spell levels left.
You didn't know any spells.
Your spell library contained the following spells:

 Spells                   Type           Power      Damage    Failure   Level
 Foxfire                  Conj/Fire      0%         2x1d4     100%        1
 Sublimation of Blood     Necr           0%         N/A       100%        2
 Wereblood                Tmut           0%         N/A       100%        2
 Conjure Flame            Conj/Fire      0%         6-21      100%        3
 Inner Flame              Hex/Fire       0%         N/A       100%        3
 Portal Projectile        Hex/Tloc       0%         N/A       100%        3
 Blade Hands              Tmut           0%         N/A       100%        5
 Excruciating Wounds      Necr           0%         N/A       100%        5
 Summon Hydra             Summ           0%         N/A       100%        7


Dungeon Overview and Level Annotations

Branches:
Dungeon (9/15)             Temple (1/1) D:4
   Lair: D:8-11         Orc: D:9-12

Altars:
Ashenzari
Cheibriados
Dithmenos
Fedhas
Gozag
Hepliaklqana
Kikubaaqudgha
Makhleb
Nemelex Xobeh
Okawaru
Qazlal
Ru
Sif Muna
Trog
Uskayaw
Vehumet
Wu Jian
Xom
Yredelemnul
Zin
The Shining One
Lugonu

Portals:
Abyss: D:4

Annotations:
D:9 Gastronok


Innate Abilities, Weirdness & Mutations

You have a pair of antennae on your head.
You are surrounded by a mild repulsion field. (EV +2)
You are mostly covered in sharp spines.


Message History

Gastronok is lightly wounded.
You hit Gastronok but do no damage.
Gastronok is lightly wounded.
Gastronok is struck by your spines. Gastronok bites you!!
You are too injured to fight recklessly!
You are too injured to fight recklessly!
You are too injured to fight recklessly!
You hit Gastronok.
Gastronok is lightly wounded.
A wight comes into view. It is wielding a +0 halberd.
Gastronok bites you but does no damage.
The wight moves out of view.
You puncture Gastronok!
Gastronok is moderately wounded.
You block Gastronok's attack.
You hit Gastronok.
Gastronok is moderately wounded.
You puncture Gastronok!
Gastronok is moderately wounded.
Gastronok is struck by your spines. Gastronok bites you but does no damage.
You hit Gastronok.
Gastronok is heavily wounded.
Gastronok waves his eye-stalks in wide circles.
The air twists around and strikes you!
You hit Gastronok.
Gastronok is heavily wounded.
You hit Gastronok.
Gastronok is heavily wounded.
You block Gastronok's attack.
You puncture Gastronok!
Gastronok is heavily wounded.
Gastronok is struck by your spines. Gastronok bites you.
You hit Gastronok.
Gastronok is heavily wounded.
Gastronok is struck by your spines. Gastronok bites you!!
* * * LOW HITPOINT WARNING * * *
You hit Gastronok.
Gastronok is severely wounded.
Gastronok waves his eye-stalks in wide circles.
The air twists around and strikes you!!
You die...

#.#.#.#..# #.
#........#### # #.
###.#.#.....# .
#.#######.#.#####.#
##.#.#<......#.....#^#
#..#.#############.#..
#............#####.###
≈.####...............###
≈.....w@................
..#...#.............####
≈.......................
≈......?...#####.#######
#########.... #.# #....#
#.# #....###.#######
........†.......
###.#.....#####


You could see Gastronok.

Vanquished Creatures
  The ghost of weresquid the Carver, a novice OpGl of the Shining One (D:6)
  Grinder (D:5)
  Sigmund (D:4)
  3 yaks
  Menkaure (D:6)
  A steam dragon (D:7)
  Duvessa (D:4)
  3 black bears (D:7)
  4 ice beasts
  2 ogres
  A centaur (D:7)
  A kobold brigand (D:8)
  4 bullfrogs
  A gnoll sergeant (D:7)
  A scorpion (D:5)
  2 water moccasin zombies (D:6)
  Dowan (D:4)
  A water moccasin skeleton (D:5)
  4 howler monkeys
  A crimson imp (D:4)
  A bullfrog zombie (D:7)
  A centaur zombie (D:5)
  2 orc priests
  A hound (D:7)
  2 centaur skeletons
  4 jellies
  3 iguanas
  9 orc wizards
  2 killer bee zombies (D:7)
  A hound zombie (D:5)
  A hound skeleton (D:4)
  A howler monkey zombie (D:7)
  3 gnolls (D:7)
  4 adders
  4 shadow imps
  3 white imps
  An ufetubus (D:5)
  A worm (D:4)
  A dart slug (D:5)
  18 orcs
  9 endoplasms
  5 giant cockroaches
  11 goblins
  5 hobgoblins
  5 quokkas
  9 ball pythons
  9 bats
  2 frilled lizards
  10 kobolds
  5 rats
  A toadstool (D:7)
169 creatures vanquished.

Vanquished Creatures (others)
  4 fungi (D:7)
  A lurking horror (D:4)
  4 toadstools (D:7)
9 creatures vanquished.

Grand Total: 178 creatures vanquished

Notes
Turn   | Place    | Note
-------+----------+-------------------------------------------
     0 | D:1      | McKennaii the Demonspawn Fighter began the quest for the
                  | Orb.
     0 | D:1      | Reached XP level 1. HP: 18/18 MP: 1/1
   244 | D:1      | Reached skill level 2 in Polearms
   255 | D:1      | Found a faded altar of an unknown god.
   284 | D:1      | Gained mutation: You are partially covered in sharp spines.
                  | [demonic ancestry]
   284 | D:1      | Reached XP level 2. HP: 23/24 MP: 2/2
  1015 | D:2      | Found an ancient bone altar of Kikubaaqudgha.
  1042 | D:2      | Reached XP level 3. HP: 29/29 MP: 3/3
  1152 | D:2      | You fall into a shaft and drop 1 floor!
  1300 | D:3      | Reached skill level 3 in Polearms
  1392 | D:3      | Found a snail-covered altar of Cheibriados.
  1499 | D:3      | Found a basalt altar of Yredelemnul.
  1535 | D:3      | Gained mutation: You are surrounded by a mild repulsion
                  | field. (EV +2) [demonic ancestry]
  1535 | D:3      | Reached XP level 4. HP: 32/35 MP: 4/4
  2374 | D:4      | Found a one-way gate to the infinite horrors of the Abyss.
  2375 | D:4      | Found a corrupted altar of Lugonu.
  2434 | D:4      | Gained mutation: You have a pair of small antennae on your
                  | head. [demonic ancestry]
  2434 | D:4      | Reached XP level 5. HP: 41/41 MP: 5/5
  2764 | D:4      | Found a staircase to the Ecumenical Temple.
  2783 | Temple   | Entered the Ecumenical Temple
  2937 | D:4      | Found a radiant altar of Vehumet.
  2938 | D:4      | Found a burning altar of Makhleb.
  2957 | D:4      | Reached skill level 4 in Polearms
  2959 | D:4      | Became a worshipper of Makhleb the Destroyer
  3108 | D:4      | Noticed Sigmund
  3126 | D:4      | Killed Sigmund
  3127 | D:4      | Gained mutation: You have a pair of antennae on your head.
                  | [demonic ancestry]
  3127 | D:4      | Reached XP level 6. HP: 45/47 MP: 6/6
  3196 | D:5      | Entered Level 5 of the Dungeon
  3196 | D:5      | Noticed Dowan
  3202 | D:5      | Noticed Duvessa
  3361 | D:5      | Reached skill level 5 in Polearms
  3636 | D:5      | Reached XP level 7. HP: 47/53 MP: 7/7
  3733 | D:5      | Noticed Grinder
  3862 | D:5      | Reached skill level 6 in Polearms
  3980 | D:5      | Reached * piety under Makhleb
  4002 | D:5      | Reached skill level 1 in Dodging
  4172 | D:5      | Paralysed by Grinder for 4 turns
  4192 | D:5      | Paralysed by Grinder for 7 turns
  4210 | D:5      | Killed Grinder
  4211 | D:5      | Reached XP level 8. HP: 34/61 MP: 8/8
  4310 | D:5      | Reached skill level 7 in Polearms
  4916 | D:4      | Killed Duvessa
  4922 | D:4      | Killed Dowan
  4978 | D:6      | Noticed Menkaure
  4989 | D:6      | Killed Menkaure
  5059 | D:6      | Noticed weresquid's ghost (novice OpGl)
  5067 | D:6      | Found a runed translucent door.
  5286 | D:6      | Reached skill level 8 in Polearms
  5309 | D:6      | Found an opulent altar of Gozag.
  5351 | D:6      | Reached skill level 5 in Shields
  5510 | D:6      | Gained mutation: You are mostly covered in sharp spines.
                  | [demonic ancestry]
  5510 | D:6      | Reached XP level 9. HP: 66/66 MP: 9/9
  5748 | D:6      | You fall into a shaft and drop 2 floors!
  5748 | D:8      | Found a hazy altar of Hepliaklqana.
  5754 | D:8      | Reached skill level 5 in Armour
  6052 | D:7      | Reached ** piety under Makhleb
  6175 | D:6      | Reached skill level 5 in Fighting
  6350 | D:6      | Killed weresquid's ghost
  6351 | D:6      | Reached skill level 9 in Polearms
  6431 | D:7      | Found a broken altar of Ashenzari.
  6644 | D:7      | Reached XP level 10. HP: 74/74 MP: 10/10
  6908 | D:8      | Found a sacrificial altar of Ru.
  7018 | D:8      | Found a stormy altar of Qazlal.
  7380 | D:8      | Found a shimmering altar of Xom.
  7381 | D:8      | Found an iron altar of Okawaru.
  7656 | D:9      | Reached skill level 10 in Polearms
  7668 | D:9      | Noticed Gastronok
  7684 | D:9      | HP: 2/76 [Gastronok (34)]
  7685 | D:9      | Killed from afar by Gastronok

Illustrated notes

Levels and vault maps discovered:
D:1:      eino_arrival_cavern_d, layout_loops_cross,
          ebering_ecumenical_altar_ruins
D:2:      layout_rooms, basic_altar
D:3:      layout_basic, lemuel_crystal_altar, mainiacjoe_overflow_paths
D:4:      layout_loops_ring, grunt_temple_overflow_lords_of_destruction,
          minmay_temple_entry_hall, amcnicky_altar_lugonu_corruption,
          uniq_sigmund
D:5:      layout_cave_pods, hangedman_decor_points, minmay_manual_monstrance,
          uniq_duvessa, uniq_grinder
D:6:      layout_basic, mainiacjoe_overflow_surrounded_room,
          hellmonk_ghost_happy_afterlife, uniq_menkaure
D:7:      layout_cave_pools, mainiacjoe_overflow_24_doors,
          minmay_misc_feat_roman, amethyst_killhole, minmay_gold_behind_fungi,
          kennysheep_generic_room_6
D:8:      layout_loops_ring, mainiacjoe_overflow_tiny_flanked,
          nicolae_ru_great_annihilating_truth, mainiacjoe_overflow_divided_tiny,
          nicolae_overflow_crystal_walls
D:9:      layout_basic, kennysheep_mini_moat, orc_0_dummy, uniq_erolcha,
          uniq_gastronok
Temple:   zaba_magenta_temple

Skill      XL: |  1  2  3  4  5  6  7  8  9 10 |
---------------+-------------------------------+-----
Polearms       | 2 3 4 5 6 8 9 10 | 10.0
Shields        | 3 4 5 6 |  6.1
Armour         | 3 4 6 |  6.1
Fighting       | 4 5 |  5.7
Dodging        | 1 |  1.9
Stealth        | |  0.8

Action                   |  1- 3 |  4- 6 |  7- 9 | 10-12 || total
-------------------------+-------+-------+-------+-------++-------
Melee: Trident           |   101 |   144 |   382 |    66 ||   693
  Use: Potion            |       |       |     3 |       ||     3
       Scroll            |       |       |     8 |       ||     8
 Stab: Paralysed         |       |       |       |     1 ||     1
Armor: Scale mail        |    12 |       |       |       ||    12
       Chain mail        |    21 |    49 |   139 |    12 ||   221
Dodge: Dodged            |    12 |    33 |    89 |    11 ||   145
Block: Kite shield       |    32 |    70 |   181 |    19 ||   302
